AoeStats
← Your Mom

Nomad

510484454Analyzed
2v2 RM · 2d ago on Oct 1, 2026· 33m 28s· 4 players
Game mode
Random Map
Map size
176×176
Population
200
Speed
Normal
Resources
Standard
Victory
Conquest
Starting age
Dark Age
Ending age
Imperial Age
RankedLock teamsTeams togetherTeam positionsShared explorationLock speedFull tech treeHidden civsTurbo modeCheats
Victory
Defeat
🇩🇪 Franks · Germany
757
+13
🇲🇽 Sicilians · Mexico
731
+14
🇨🇳 Romans · China
720
-15
🇷🇺 Danes · Russia
654
-12
stone wall builder
4:39 Loom
13:19 Feudal Age
14:08 Town Watch
17:01 Castle Age
15:47 Scale Mail Armor
15:52 Double-Bit Axe
15:44 Man-at-Arms
16:44 Horse Collar
18:14 Long Swordsman
25:13 Squires
26:41 Chain Mail Armor
28:35 Forging
32:48 Gold Mining
32:48 Stone Mining
stone wall killer
4:46 Loom
13:39 Feudal Age
15:49 Double-Bit Axe
18:06 Castle Age
16:28 Fishing Lines
22:21 Gold Mining
22:49 Gillnets
23:51 Gold Shaft Mining
23:56 Wheelbarrow
23:13 Horse Collar
24:01 Heavy Plow
24:56 Bow Saw
28:14 Imperial Age
26:00 Scale Mail Armor
25:57 Stone Mining
26:56 Hand Cart
27:10 Chain Mail Armor
27:44 Stone Shaft Mining
28:48 Fervor
28:54 Forging
29:48 Squires
30:19 Plate Mail Armor
30:25 Iron Casting
30:29 Conscription
30:49 Elite Jomsviking
31:42 Town Watch
33:17 Chemistry
34:03 Blast Furnace
32:54 Arson
33:44 Fletching
Your Mom
3:22 Loom
14:30 Feudal Age
15:36 Man-at-Arms
17:21 Double-Bit Axe
20:20 Wheelbarrow
30:01 Castle Age
28:54 Fishing Lines
30:58 Stone Mining
30:59 Gold Mining
31:25 Bow Saw
Raphael
5:27 Loom
16:11 Feudal Age
17:43 Double-Bit Axe
18:33 Gold Mining
21:33 Forging
21:36 Scale Mail Armor
21:30 Horse Collar
23:55 Stone Mining
Connection lost

Rejoining the realm…

Still unreachable

The connection could not be restored.

Session expired

The server has moved on; the page needs a fresh start.